 Dungeon Crawl Stone Soup version 0.18.1-8-gdd0e5ea (webtiles) character file.

97 Stormphoenix the Insei (level 4, -1/35 HPs)
             Began as a Demonspawn Monk on June 11, 2016.
             Slain by Crazy Yiuf
             ... wielding a +3 quarterstaff of chaos
              (12 damage)
             ... while paralysed by Crazy Yiuf
             ... on level 3 of the Dungeon.
             The game lasted 00:06:55 (2416 turns).

Stormphoenix the Insei (Demonspawn Monk)            Turns: 2416, Time: 00:06:56

Health: -1/35      AC:  6    Str: 12    XL:     4   Next: 42%
Magic:  4/4        EV:  2    Int: 11    God:
Gold:   106        SH:  0    Dex: 16    Spells: 1 memorised, 1 level left

rFire  . . .     SeeInvis .       - Unarmed
rCold  . . .     Gourm    .     a - +1 robe
rNeg   . . .     Faith    .     (no shield)
rPois  .         Spirit   .     (no helmet)
rElec  .         Dismiss  .     (no cloak)
rCorr  .         Reflect  .     (no gloves)
SustAt .         Harm     .     (no boots)
MR     .....                    (no amulet)
Stlth  ++........               (no ring)
                                (no ring)

@: paralysed, drained, not resistant to hostile enchantments, unstealthy
A: icy blue scales 2
a: no special abilities


You were on level 3 of the Dungeon.
You were hungry.

You visited 1 branch of the dungeon, and saw 3 of its levels.

You collected 106 gold pieces.

Inventory:

Hand Weapons
 l - a +0 blowgun
Missiles
 e - 7 curare-tipped needles
 g - 33 poisoned needles
Armour
 a - a +1 robe (worn)
Scrolls
 d - a scroll of recharging
 j - 4 scrolls of identify
 k - a scroll of fog {unknown}
 m - a scroll of remove curse {unknown}
 n - a scroll of blinking {unknown}
Potions
 c - 2 potions of mutation {unknown}
Books
 h - a book of Battle

   Spells                             Type                      Level
   a - Infusion                       Charms                       1
   b - Shroud of Golubria             Charms/Translocation         2
   c - Song of Slaying                Charms                       2
   d - Spectral Weapon                Hexes/Charms                 3
   e - Regeneration                   Charms/Necromancy            3
Comestibles
 b - 2 bread rations
 f - a meat ration
 i - 2 beef jerkies
 o - 3 chunks of flesh


   Skills:
 - Level 3.0(2.7) Fighting
 - Level 2.6(2.4) Dodging
 - Level 1.7(1.5) Stealth
 + Level 5.4(5.1) Unarmed Combat


You had one spell level left.
You knew the following spells:

 Your Spells              Type           Power        Failure   Level  Hunger
a - Shroud of Golubria    Chrm/Tloc      #.........   56%         2    ###....


Dungeon Overview and Level Annotations

Branches:
Dungeon (3/15)

Altars:
Elyvilon
Fedhas
Yredelemnul

Annotations:
D:3 Crazy Yiuf


Innate Abilities, Weirdness & Mutations

You are mostly covered in icy blue scales (AC +3, EV -1).


Message History

Crazy Yiuf hits you but does no damage.
You hit Crazy Yiuf.
Crazy Yiuf is heavily wounded.
Crazy Yiuf yells, "Mama foot disdain!"
Crazy Yiuf barely misses you.
You hit Crazy Yiuf but do no damage.
Crazy Yiuf is heavily wounded.
Crazy Yiuf drinks a potion.
Crazy Yiuf is healed!
You barely miss Crazy Yiuf. You barely miss Crazy Yiuf.
Crazy Yiuf barely misses you.
You closely miss Crazy Yiuf.
Crazy Yiuf hits you with a quarterstaff of chaos.
You convulse.
You barely miss Crazy Yiuf. Crazy Yiuf closely misses you.
You barely miss Crazy Yiuf.
Crazy Yiuf hits you with a quarterstaff of chaos!
You suddenly lose the ability to move!
Crazy Yiuf hits you with a quarterstaff of chaos.
You are electrocuted!
You die...

........##.#
♣♣.P.♣
#...##.#####
♣♣.♣♣ #...##.#
♣♣.♣ ##.....#
♣.♣♣ #.#####
♣♣.♣ ####
#.#########
♣.♣♣ #..#
#.....)...#
##.## #..#
#.#########
#...# #..####
##.##### #.@.#
#.....#
#...##.##
#)g.# #..##^#
..#.....#
##### #..##.#
#..(##.##
#..##.####
...###.# ###
########.....#
######.####.#
#.#.####..##.#
.........##.#
#.#........#.#
............#
#.######...#.#
######)#.####
#.# #.....#


You could see Crazy Yiuf.

Vanquished Creatures
  Ijyb (D:2)
  2 adders (D:3)
  A worm (D:3)
  A giant gecko (D:3)
  An orc (D:3)
  2 giant cockroaches
  2 goblins (D:2)
  8 hobgoblins
  4 jackals (D:3)
  A quokka (D:3)
  9 bats
  A giant newt (D:1)
  6 kobolds
  9 rats
  2 fungi (D:3)
50 creatures vanquished.

Notes
Turn   | Place    | Note
--------------------------------------------------------------
     0 | D:1      | Stormphoenix the Demonspawn Monk began the quest for the Orb.
     0 | D:1      | Reached XP level 1. HP: 18/18 MP: 1/1
   554 | D:1      | Reached skill level 4 in Unarmed Combat
   589 | D:1      | Gained mutation: You are partially covered in icy blue scales (AC +1). [demonic ancestry]
   589 | D:1      | Reached XP level 2. HP: 24/24 MP: 2/2
   838 | D:2      | Noticed Ijyb
   860 | D:2      | Killed Ijyb
   860 | D:2      | Reached XP level 3. HP: 14/29 MP: 3/3
  1105 | D:2      | Learned a level 2 spell: Shroud of Golubria
  1382 | D:2      | Found a blossoming altar of Fedhas.
  1382 | D:2      | Found a white marble altar of Elyvilon.
  1616 | D:3      | Found a basalt altar of Yredelemnul.
  1691 | D:3      | Found a faded altar to an unknown god.
  1712 | D:3      | Reached skill level 5 in Unarmed Combat
  1827 | D:3      | Gained mutation: You are mostly covered in icy blue scales (AC +3, EV -1). [demonic ancestry]
  1827 | D:3      | Reached XP level 4. HP: 34/35 MP: 4/4
  2395 | D:3      | Noticed Crazy Yiuf
  2415 | D:3      | Paralysed by Crazy Yiuf for 6 turns
  2416 | D:3      | Slain by Crazy Yiuf

Skill      XL: |  1  2  3 |
---------------+----------+-----
Unarmed Combat | 4 5 |  5.4
Fighting       | |  3.0
Dodging        | |  2.6
Stealth        | |  1.7

Action                   |  1- 3 |  4- 6 || total
-------------------------+-------+-------++-------
Melee: Unarmed           |   130 |    93 ||   223
       Punch             |     2 |     4 ||     6
  Use: Scroll            |     7 |       ||     7
       Potion            |     5 |       ||     5
 Stab: Sleeping          |     7 |     2 ||     9
       Distracted        |       |     1 ||     1
  Eat: Chunk             |     4 |     1 ||     5
Armor: Robe              |    36 |    20 ||    56
Dodge: Dodged            |    95 |    33 ||   128
